 Dungeon Crawl Stone Soup version 0.28-a0-793-g31680bbd8b (webtiles) character file.

Game seed: 8135148454715574094

16 Fenrisus the Insei (level 2, -3/22 HPs)
             Began as a Djinni Transmuter on Nov 5, 2021.
             Slain by a kobold (5 damage)
             ... on level 1 of the Dungeon.
             The game lasted 00:01:54 (743 turns).

Fenrisus the Insei (Djinni Transmuter)               Turns: 743, Time: 00:01:55

Health: -3/22      AC:  2    Str:  9    XL:     2   Next: 75%
Gold:   32         EV: 12    Int: 14    God:
                   SH:  0    Dex: 13

rFire   + + .      SeeInvis .     - Unarmed
rCold   x . .      Faith    .   (no shield)
rNeg    . . .      Spirit   .   a - +0 robe
rPois   ∞          Reflect  .   (helmet currently unavailable)
rElec   .          Harm     .   (no cloak)
rCorr   .          Rampage  .   (no gloves)
Will    .....                   (boots unavailable)
Stlth   +.........              (no amulet)
HPRegen 0.07/turn               (no ring)
MPRegen 0.00/turn               (no ring)

@: appendages (expiring), flying
A: horns 2, flying, sickness immunity, fire resistance 2, cold vulnerability 1,
float, innate caster, hp casting, extra vitality 1
a: End Transformation


You were on level 1 of the Dungeon.
You had temporarily grown beastly horns.
You visited 1 branch of the dungeon, and saw 1 of its levels.

You collected 32 gold pieces.

Inventory:

Armour
 a - a +0 robe (worn)
Potions
 b - a potion of berserk rage {unknown}
 c - a potion of brilliance {unknown}


   Skills:
 + Level 1.0 Fighting
 + Level 2.4 Dodging
 + Level 3.6 Unarmed Combat
 + Level 1.6 Spellcasting


You couldn't memorise any spells.
You knew the following spells:

 Your Spells              Type           Power      Damage    Failure   Level
a - Beastly Appendage     Tmut           10%        N/A       12%         1
b - Wereblood             Tmut           5%         N/A       19%         2
c - Spider Form           Tmut/Pois      5%         N/A       36%         3
d - Ice Form              Ice/Tmut       5%         N/A       77%         4
Your spell library was empty.

Dungeon Overview and Level Annotations

Branches:
Dungeon (1/15)

Altars:


Innate Abilities, Weirdness & Mutations

You have temporarily grown beastly horns.
You are flying.
You are immune to sickness and miasma.
You are immune to poison.
Your flesh is very heat resistant. (rF++)
You are vulnerable to cold. (rC-)
You float through the air rather than walking.
You learn spells naturally, not from books.
Your magical power is your life essence.
You have superior vitality. (+4 HP)


Message History

Casting: Beastly Appendage (safe; 13% risk of failure)
Confirm with . or Enter, or press ? or * to list all spells.
You grow a pair of large bovine horns.
The ball python closely misses you. The ball python grabs you.
The ball python constricts you.
You hit the ball python.
You kill the ball python!
Your transformation is almost over.
You see here a ball python corpse.
c - a silvery potion Your horns disappear.
A kobold comes into view. It is wielding a +0 whip.
A quokka comes into view.
A dart slug comes into view.
Casting: Beastly Appendage (safe; 13% risk of failure)
Confirm with . or Enter, or press ? or * to list all spells.
You grow a pair of large bovine horns.
The quokka barely misses you.
You barely miss the quokka. Your headbutt misses the quokka.
The quokka closely misses you.
You closely miss the quokka. The quokka misses you.
The kobold barely misses you.
You hit the quokka. You headbutt the quokka.
The quokka is severely wounded.
The quokka bites you. The kobold hits you with a +0 whip. The quokka bites you.
You hit the quokka.
You kill the quokka!
Your transformation is almost over.
The kobold hits you with a +0 whip. The kobold hits you with a +0 whip.
The dart slug closely misses you.
You completely miss the kobold. Your headbutt misses the kobold.
The dart slug launches a dart at you. The slug dart hits you.
* * * LOW HITPOINT WARNING * * *
The kobold closely misses you.
You miss the kobold. The kobold barely misses you.
You closely miss the kobold. The dart slug bites you.
* * * LOW HITPOINT WARNING * * *
The kobold hits you with a +0 whip.
You die...

#. ## #.###.#.. .. ....
.##.....#.# ..
............... #. .....
.......# #...##......#
............#.#
#.#..........# ###### #
..+..w@....... .....###.
#.#...K.......
......##.##.#...#+##....
....#.##....#.#.# ###
....._# #......#
.....#.# #...#..#
.......# #.#....#
.....### #.#....# ######
#.#.##.#


You could see a dart slug and a kobold.

Vanquished Creatures
  2 dart slugs (D:1)
  2 ball pythons (D:1)
  A bat (D:1)
  An endoplasm (D:1)
  A hobgoblin (D:1)
  2 quokkas (D:1)
  A goblin (D:1)
  A kobold (D:1)
11 creatures vanquished.

Notes
Turn   | Place    | Note
-------+----------+-------------------------------------------
     0 | D:1      | Fenrisus the Djinni Transmuter began the quest for the Orb.
     0 | D:1      | Reached XP level 1. HP: 17/17 MP: 0/0
    54 | D:1      | Reached XP level 2. HP: 4/22 MP: 0/0
   392 | D:1      | Found a faded altar of an unknown god.
   743 | D:1      | Slain by a kobold

Illustrated notes

Levels and vault maps discovered:
D:1:      amcnicky_arrival_flooded_fountain, layout_basic,
          ebering_ecumenical_altar_rust

Action                   || total
-------------------------++-------
Melee: Unarmed           ||    43
       Headbutt          ||     3
 Cast: Beastly Appendage ||     5
Armor: Robe              ||     6
Dodge: Dodged            ||    40

Table legend: (Time is in decaauts)
 A = Elapsed time spent in this place.
 B = Non-inter-level travel time spent in this place.
 C = Inter-level travel time spent in this place.
 D = Time resting spent in this place.
 E = Time spent auto-exploring this place.
 F = Levels seen in this place.
 G = Mean time per level.
                   A        B        C        D        E       F      G
               +--------+--------+--------+--------+--------+-----+--------+
         Total |    740 |    512 |    228 |    421 |      0 |   1 |  740.0 |
       Dungeon |    740 |    512 |    228 |    421 |      0 |   1 |  740.0 |
               +--------+--------+--------+--------+--------+-----+--------+

Top non-repeatable levels by time:
     D:1: 740 daAuts
